[Event "Titled Tuesday Blitz August 08 Early 2023"]
[White "Papayan, Oleg"]
[Black "Jeet, Jain"]
[WhiteFideId "4193911"]
[BlackFideId "5073022"]
[WhiteElo "2511"]
[BlackElo "2635"]
[Result "1-0"]
[Round "8"]
[TimeControl "180+1"]
[Date "2023.08.08"]
[WhiteClock "0:00:27"]
[BlackClock "0:00:03"]
[Board "81"]

1. e4 c6 2. Nc3 d5 3. d4 dxe4 4. Nxe4 Nf6 5. Nxf6+ gxf6 6. Bc4 Bf5 7. Qf3 e6 8. c3 Rg8 9. h3 Nd7 10. Ne2 Bd6 11. Bf4 Qc7 12. g4 Bg6 13. Rg1 Nb6 14. Bb3 Bxf4 15. Nxf4 Nd5 16. Nxd5 cxd5 17. Qxf6 b5 18. Qe5 Qxe5+ 19. dxe5 a5 20. a3 Kd7 21. Kd2 h5 22. a4 Rgb8 23. axb5 Ke7 24. Ba4 hxg4 25. hxg4 Be4 26. Rg3 Rh8 27. Ke3 Rab8 28. f3 Bg6 29. Rg2 Rh3 30. Kf2 Bd3 31. Ra3 Rb7 32. Ke3 Bxb5 33. Rb3 Bc6 34. Rxb7+ Bxb7 35. Bd1 Rh1 36. Rd2 Re1+ 37. Kd4 Kd7 38. g5 Rg1 39. f4 Rf1 40. Ke3 Re1+ 41. Kf2 Re4 42. Kg3 Re3+ 43. Kg4 Ke7 44. Rh2 Re1 45. g6 Rxd1 46. gxf7 Rg1+ 47. Kf3 Kxf7 48. Ke3 Re1+ 49. Kd4 Re4+ 50. Kc5 Kg6 51. Kd6 Bc8 52. Rh8 Rc4 53. Rf8 Kh5 54. f5 exf5 55. Kxd5 Rc7 56. e6 Kg4 57. Kd6 Rc4 58. e7 Re4 59. Rxc8 f4 60. e8=Q 1-0


[Site "https://www.chess.com"]

[Event "Titled Tuesday Blitz August 08 Early 2023"]
[White "Liu, Casper"]
[Black "Ovchinnikov, Vsevolod"]
[WhiteFideId "1454153"]
[BlackFideId "24176842"]
[WhiteElo "2505"]
[BlackElo "2633"]
[Result "0-1"]
[Round "8"]
[TimeControl "180+1"]
[Date "2023.08.08"]
[WhiteClock "0:00:03"]
[BlackClock "0:00:07"]
[Board "82"]

1. e4 g6 2. Ne2 Bg7 3. h4 d5 4. exd5 Qxd5 5. h5 Bg4 6. Nbc3 Qa5 7. hxg6 hxg6 8. Rxh8 Bxh8 9. d4 Nd7 10. Be3 O-O-O 11. Qd2 Nb6 12. Nc1 e5 13. Nb3 Qb4 14. a3 Qf8 15. d5 Ne7 16. Nb5 Nexd5 17. Bc5 Qe8 18. Nxa7+ Kb8 19. Nb5 e4 20. Qa5 e3 21. f3 Bd7 22. Bxb6 Nxb6 23. Qa7+ Kc8 24. Nc5 Bc6 25. Bd3 Qe5 26. Be4 Qxc5 27. Bxc6 Qxc6 28. a4 Qxc2 29. a5 Qf2# 0-1


[Site "https://www.chess.com"]

[Event "Titled Tuesday Blitz August 08 Early 2023"]
[White "Saya, Ethan"]
[Black "Bach Ngoc Thuy Duong"]
[WhiteFideId "26095181"]
[BlackFideId "12408956"]
[WhiteElo "2630"]
[BlackElo "2505"]
[Result "1-0"]
[Round "8"]
[TimeControl "180+1"]
[Date "2023.08.08"]
[WhiteClock "0:00:23"]
[BlackClock "0:00:02"]
[Board "83"]

1. e4 c5 2. Nf3 d6 3. d4 cxd4 4. Qxd4 a6 5. c4 Nc6 6. Qd3 g6 7. Nc3 Bg7 8. Be2 Bg4 9. O-O Rc8 10. b3 Nf6 11. Bb2 Nd7 12. Qd2 Bxf3 13. Bxf3 O-O 14. Be2 Nc5 15. f3 Nd4 16. Nd5 Nce6 17. f4 b5 18. f5 Nxe2+ 19. Qxe2 Nd4 20. Qf2 e5 21. f6 Bh6 22. Ne7+ Kh8 23. Nxc8 Qxc8 24. Bxd4 exd4 25. Qxd4 Qc5 26. Qxc5 dxc5 27. Rfe1 Re8 28. Rad1 Bf4 29. Rd5 Be5 30. Kf1 Bxf6 31. Rxc5 Bc3 32. Re2 bxc4 33. Rxc4 Be5 34. g3 Re6 35. Kg2 Kg7 36. Rec2 h5 37. Rc6 Re7 38. Rxa6 Bf6 39. Re2 Bd4 40. Rd6 Bc5 41. Rd5 Bb4 42. a4 Rd7 43. Rxd7 1-0


[Site "https://www.chess.com"]

[Event "Titled Tuesday Blitz August 08 Early 2023"]
[White "Garcia Ramos, Daniel"]
[Black "Yashmetov, Mikhail"]
[WhiteFideId "32010311"]
[BlackFideId "24198900"]
[WhiteElo "2625"]
[BlackElo "2502"]
[Result "1-0"]
[Round "8"]
[TimeControl "180+1"]
[Date "2023.08.08"]
[WhiteClock "0:00:37"]
[BlackClock "0:00:21"]
[Board "84"]

1. e4 c5 2. Nf3 Nc6 3. d4 cxd4 4. Nxd4 Nf6 5. Nc3 e5 6. Ndb5 d6 7. Bg5 a6 8. Na3 b5 9. Bxf6 gxf6 10. Nd5 f5 11. g3 fxe4 12. Bg2 Bg7 13. Bxe4 Be6 14. Qh5 Rc8 15. Rd1 Ne7 16. Nxe7 Qxe7 17. O-O Rc5 18. b4 Rc7 19. c4 bxc4 20. Nc2 h6 21. Ne3 O-O 22. Nf5 Bxf5 23. Qxf5 Rb8 24. Qh7+ Kf8 25. Rfe1 Rxb4 26. Bd5 Rb2 27. Re3 Qf6 28. Rf3 Qg6 29. Qxg6 1-0


[Site "https://www.chess.com"]

[Event "Titled Tuesday Blitz August 08 Early 2023"]
[White "Domingo Nunez, Ruben"]
[Black "Iljin, Timofey"]
[WhiteFideId "22245570"]
[BlackFideId "14110180"]
[WhiteElo "2624"]
[BlackElo "2485"]
[Result "1-0"]
[Round "8"]
[TimeControl "180+1"]
[Date "2023.08.08"]
[WhiteClock "0:00:54"]
[BlackClock "0:00:02"]
[Board "85"]

1. Nf3 f5 2. b3 Nf6 3. Bb2 g6 4. e3 Bg7 5. Be2 O-O 6. O-O d6 7. d4 Qe8 8. c4 Nc6 9. d5 Nb8 10. Qc2 a5 11. Nc3 Na6 12. Nb5 Bd7 13. Nbd4 c5 14. Ne6 Bxe6 15. dxe6 Nc7 16. Nd2 Nxe6 17. Bf3 Rb8 18. Bc3 b6 19. a3 Ng5 20. Be2 e5 21. b4 Nge4 22. Bb2 Nxd2 23. Qxd2 Ne4 24. Qd1 Qe7 25. Rb1 axb4 26. axb4 cxb4 27. Qb3 Nd2 28. Qxb4 Nxf1 29. Bxf1 g5 30. Ba3 Rfd8 31. Rd1 g4 32. e4 f4 33. Be2 h5 34. Qb5 Ra8 35. Qb3 Qe6 36. Bf1 h4 37. Rd5 Kh8 38. Bb2 Qg6 39. Bc3 f3 40. g3 hxg3 41. hxg3 Kh7 42. Qxb6 Rab8 43. Qa5 Rd7 44. c5 Rb1 45. Qa4 Rf7 46. Qc2 Rbb7 47. Rxd6 Qh5 48. c6 Rbc7 49. Ba5 Rce7 50. c7 Rxc7 51. Bxc7 Bf8 52. Rd5 Kg8 53. Rxe5 Rxc7 54. Qxc7 Qf7 55. Bc4 Qxc4 56. Qxc4+ Kh7 57. Qf7+ Bg7 58. Rh5# 1-0


[Site "https://www.chess.com"]

[Event "Titled Tuesday Blitz August 08 Early 2023"]
[White "HamedWafa4"]
[Black "Rodchenkov, Sergey D."]
[BlackFideId "4168712"]
[WhiteElo "2617"]
[BlackElo "2485"]
[Result "0-1"]
[Round "8"]
[TimeControl "180+1"]
[Date "2023.08.08"]
[WhiteClock "0:01:33"]
[BlackClock "0:01:08"]
[Board "86"]

1. e4 c5 2. Nc3 d6 3. d4 cxd4 4. Qxd4 Nc6 5. Qd2 Nf6 6. b3 g6 7. Bb2 Bg7 8. O-O-O O-O 9. f4 a5 10. Nf3 a4 11. e5 Nd7 12. Nxa4 Nb6 13. Nxb6 Qxb6 14. Kb1 Bg4 15. exd6 Bxb2 16. Kxb2 Nb4 17. a4 Rfc8 18. Bd3 Bxf3 19. gxf3 Rxa4 20. Ra1 Qd4+ 21. c3 Nxd3+ 22. Kc2 Nb4+ 0-1


[Site "https://www.chess.com"]

[Event "Titled Tuesday Blitz August 08 Early 2023"]
[White "TrompeterImEther"]
[Black "Sharavdorj, Dashzegve"]
[BlackFideId "4900340"]
[WhiteElo "2464"]
[BlackElo "2615"]
[Result "0-1"]
[Round "8"]
[TimeControl "180+1"]
[Date "2023.08.08"]
[WhiteClock "0:00:07"]
[BlackClock "0:00:35"]
[Board "87"]

1. e4 c5 2. Nf3 e6 3. d4 cxd4 4. Nxd4 Nc6 5. Nc3 a6 6. Be3 Nf6 7. f4 Bb4 8. Bd3 e5 9. Nxc6 dxc6 10. f5 h6 11. Qf3 Qe7 12. a3 Bc5 13. Bd2 b5 14. O-O-O Bb7 15. g4 O-O-O 16. Kb1 Bd4 17. Ne2 Bb6 18. c3 c5 19. Bc2 c4 20. Ng3 Rd7 21. h4 Rhd8 22. Bc1 Rxd1 23. Rxd1 Rxd1 24. Qxd1 Bf2 25. Qf3 Bxg3 26. Qxg3 Bxe4 27. g5 Bxc2+ 28. Kxc2 hxg5 29. hxg5 Nd5 30. Qg4 Qd7 31. Qe4 f6 32. gxf6 gxf6 33. Bd2 Kc7 34. b3 cxb3+ 35. Kxb3 Ne7 36. Qe3 Qd5+ 37. Kb2 Nxf5 38. Qa7+ Qb7 39. Qc5+ Qc6 40. Qa7+ Kd6 41. c4 bxc4 42. Bb4+ Kd5 43. Qh7 Nd4 44. Qh1+ Ke6 45. Qh3+ Nf5 46. Qh7 Qg2+ 47. Kc3 Qf3+ 48. Kxc4 Ne3+ 49. Kc5 Qd5+ 50. Kb6 Nc4+ 51. Kxa6 Qc6+ 52. Ka7 e4 53. Qg8+ Kf5 54. Qh7+ Kf4 55. Qh4+ Ke5 56. Qg3+ Kd5 57. Qg7 Qb6+ 58. Ka8 Qa6+ 59. Kb8 Qe6 60. Qb7+ Kd4 61. Qa7+ Kd3 62. Qh7 f5 63. Qh3+ e3 64. Qf3 Qe4 65. Qd1+ Nd2 66. Ka7 Qd4+ 67. Kb8 f4 68. Kb7 Qd5+ 69. Ka7 Qb3 70. Qg4 Qf7+ 71. Kb6 e2 72. Qh3+ f3 73. Qh4 Nc4+ 74. Kc5 Qc7+ 75. Kb5 Qd7+ 76. Kc5 Qf5+ 77. Kc6 Qe4+ 78. Qxe4+ Kxe4 79. Be1 Nxa3 0-1


[Site "https://www.chess.com"]

[Event "Titled Tuesday Blitz August 08 Early 2023"]
[White "Heinemann, Josefine"]
[Black "Reprintsev, Alexander"]
[WhiteFideId "12900460"]
[BlackFideId "14100541"]
[WhiteElo "2597"]
[BlackElo "2484"]
[Result "0-1"]
[Round "8"]
[TimeControl "180+1"]
[Date "2023.08.08"]
[WhiteClock "0:00:14"]
[BlackClock "0:00:13"]
[Board "88"]

1. e4 d5 2. exd5 Qxd5 3. d4 Nc6 4. Nf3 Bg4 5. Nc3 Qf5 6. d5 Bxf3 7. gxf3 O-O-O 8. Bd3 Qe5+ 9. Be3 Nb4 10. Qe2 Nxd5 11. Nxd5 Qxd5 12. O-O e6 13. Rfd1 Bd6 14. f4 Nf6 15. c4 Qh5 16. c5 Qxe2 17. Bxe2 Be7 18. c6 b6 19. Ba6+ Kb8 20. a3 Nd5 21. Kf1 Bd6 22. f5 Nxe3+ 23. fxe3 exf5 24. Rd2 Rde8 25. Rc1 Re6 26. b4 Rhe8 27. Rcd1 Rxe3 28. Rd3 Rxd3 29. Rxd3 g5 30. Bc4 f6 31. h3 f4 32. Bf7 Re7 33. Bh5 b5 34. Be2 a6 35. Rd5 Ka7 36. a4 bxa4 37. Ra5 Bxb4 38. Rxa6+ Kb8 39. Rxa4 Bc5 40. Ba6 Bb6 41. Bb7 Ba7 42. Ra2 f5 43. Rd2 Re8 44. Rd7 h5 45. Rf7 g4 46. Rxf5 f3 47. Rxh5 g3 48. Rg5 g2+ 49. Rxg2 fxg2+ 50. Kxg2 Rh8 51. Kg3 Bd4 52. h4 Ka7 53. Kg4 Kb6 54. h5 Be3 55. Kf3 Bc1 56. Kg4 Rh6 57. Kh4 Rxc6 58. Bxc6 Kxc6 59. Kg4 Kb5 60. Kf3 c5 61. Ke2 Bh6 62. Kd1 c4 63. Kc2 Kb4 64. Kb1 c3 65. Kc2 Kc4 66. Kb1 Kb3 67. Ka1 Bg5 68. h6 c2 69. h7 Bf6# 0-1


[Site "https://www.chess.com"]

[Event "Titled Tuesday Blitz August 08 Early 2023"]
[White "Kirillov, Dmitry"]
[Black "Liyanage, Ranindu Dilshan"]
[WhiteFideId "34180572"]
[BlackFideId "9915834"]
[WhiteElo "2459"]
[BlackElo "2594"]
[Result "0-1"]
[Round "8"]
[TimeControl "180+1"]
[Date "2023.08.08"]
[WhiteClock "0:00:04"]
[BlackClock "0:00:04"]
[Board "89"]

1. e4 g6 2. h4 d5 3. exd5 Qxd5 4. Nc3 Qa5 5. h5 Bg7 6. hxg6 hxg6 7. Rxh8 Bxh8 8. Bc4 Nc6 9. Nge2 Bg4 10. f3 Qh5 11. fxg4 Qh4+ 12. Kf1 Ne5 13. Bd5 Nxg4 14. g3 Qh2 15. Bg2 O-O-O 16. Qe1 N8h6 17. d3 Nf5 18. Nd1 Bd4 19. Bd2 Rh8 20. c3 Bf2 21. Qxf2 Nxf2 22. Kxf2 Rd8 23. d4 e5 24. Ne3 Nxe3 25. Bxe3 Qh5 26. dxe5 Qxe5 27. Nd4 Kb8 28. Rd1 Qf6+ 29. Kg1 c5 30. Nc6+ bxc6 31. Rxd8+ Qxd8 32. Bxc6 Qd1+ 33. Kf2 Qc2+ 34. Kf3 Qxb2 35. Bf4+ Kc8 36. Be5 Qxa2 37. Be4 Qb3 38. Kf4 f5 39. Bc6 Qc4+ 40. Kg5 Qe6 0-1


[Site "https://www.chess.com"]

[Event "Titled Tuesday Blitz August 08 Early 2023"]
[White "Mrudul Dehankar"]
[Black "Budrewicz, Krzysztof"]
[WhiteFideId "25096990"]
[BlackFideId "1127950"]
[WhiteElo "2457"]
[BlackElo "2593"]
[Result "1-0"]
[Round "8"]
[TimeControl "180+1"]
[Date "2023.08.08"]
[WhiteClock "0:00:03"]
[BlackClock "0:01:04"]
[Board "90"]

1. e4 e5 2. Nf3 Nc6 3. Bb5 Nge7 4. c3 a6 5. Ba4 g6 6. d4 exd4 7. cxd4 b5 8. Bb3 Bg7 9. O-O O-O 10. Nc3 Na5 11. Bc2 Bb7 12. Bg5 h6 13. Bf4 d6 14. Rb1 Nc4 15. Qc1 g5 16. Be3 Ng6 17. Bd3 Nxe3 18. fxe3 g4 19. Ne1 c5 20. Nc2 Rc8 21. Qd1 Qg5 22. Rf5 Qe7 23. Qxg4 b4 24. Nd5 Bxd5 25. exd5 c4 26. Be2 b3 27. Na3 Qxe3+ 28. Kh1 bxa2 29. Ra1 Rfe8 30. Bxc4 Re4 31. Rf3 Qxd4 32. Qxc8+ Kh7 33. Bxa2 Qxb2 34. Raf1 Nh4 35. Rg3 Qxa2 36. Qc3 Bxc3 37. Rxf7+ Kh8 38. Rf8+ Kh7 39. Rf7+ Bg7 40. Rfxg7+ Kh8 41. Rg8+ Kh7 42. R3g7# 1-0


[Site "https://www.chess.com"]

[Event "Titled Tuesday Blitz August 08 Early 2023"]
[White "Vlassov, Nikolai"]
[Black "Hrbek, Stepan"]
[WhiteFideId "4103360"]
[BlackFideId "393479"]
[WhiteElo "2586"]
[BlackElo "2453"]
[Result "1-0"]
[Round "8"]
[TimeControl "180+1"]
[Date "2023.08.08"]
[WhiteClock "0:00:05"]
[BlackClock "0:00:00"]
[Board "91"]

1. e4 c5 2. c3 Nf6 3. e5 Nd5 4. d4 cxd4 5. cxd4 d6 6. Bc4 Nb6 7. Bb3 dxe5 8. Qh5 Qd7 9. Qxf7+ Kd8 10. dxe5 e6 11. Bg5+ Kc7 12. Bxe6 Bb4+ 13. Nc3 Qxf7 14. Bxf7 Rf8 15. Bb3 Nc6 16. f4 h6 17. Bh4 Rxf4 18. Bg3 Re4+ 19. Ne2 Bxc3+ 20. bxc3 Bg4 21. Bd1 Rd8 22. O-O Bxe2 23. Rf7+ Kc8 24. Bc2 Bd3 25. Bb3 Bc4 26. e6 Nd5 27. Bc2 Re2 28. Bf5 Nce7 29. Bg4 Rc2 30. Rxg7 Rxc3 31. Bh4 Re8 32. Bh5 Nf5 33. Bxe8 Nxg7 34. Bd7+ Kc7 35. Re1 Nf5 36. Bf6 Nxf6 37. g4 1-0


[Site "https://www.chess.com"]

[Event "Titled Tuesday Blitz August 08 Early 2023"]
[White "Aevengho"]
[Black "WindWhistler11"]
[WhiteElo "2585"]
[BlackElo "2446"]
[Result "1-0"]
[Round "8"]
[TimeControl "180+1"]
[Date "2023.08.08"]
[WhiteClock "0:01:05"]
[BlackClock "0:00:00"]
[Board "92"]

1. e4 e6 2. Nc3 d5 3. Nf3 Nf6 4. e5 Nfd7 5. d4 c5 6. Bb5 Nc6 7. Bxc6 bxc6 8. O-O cxd4 9. Qxd4 c5 10. Qg4 Rb8 11. a3 f5 12. exf6 Nxf6 13. Qg3 Bd6 14. Qxg7 Rg8 15. Qh6 Rg6 16. Qh4 Rb7 17. Ne2 Rbg7 18. Ng3 Rg4 19. Qh6 R7g6 20. Qd2 h5 21. h3 Rxg3 22. fxg3 Ne4 23. Qd1 Rxg3 24. Ne5 1-0


[Site "https://www.chess.com"]

[Event "Titled Tuesday Blitz August 08 Early 2023"]
[White "vishwa_vijeta"]
[Black "Jumanov, Elbek"]
[BlackFideId "14202905"]
[WhiteElo "2581"]
[BlackElo "2440"]
[Result "0-1"]
[Round "8"]
[TimeControl "180+1"]
[Date "2023.08.08"]
[WhiteClock "0:01:08"]
[BlackClock "0:00:32"]
[Board "93"]

1. e4 c5 2. Nf3 e6 3. d4 cxd4 4. Nxd4 Nf6 5. Nc3 d6 6. f4 a6 7. Be2 Qc7 8. O-O Be7 9. Be3 Nc6 10. Bf3 O-O 11. Qd2 Bd7 12. Kh1 Rac8 13. Nxc6 Bxc6 14. g4 b5 15. g5 b4 16. gxf6 bxc3 17. bxc3 Bxf6 18. Bd4 e5 19. fxe5 dxe5 20. Be3 Qb7 21. Bg5 Bxe4 22. Bxf6 Bxf3+ 23. Kg1 gxf6 24. Qh6 Rc4 25. h3 Rf4 26. Rxf3 Qxf3 27. Kh2 Qe2+ 28. Kh1 Rf1+ 29. Rxf1 Qxf1+ 30. Kh2 Qf4+ 31. Qxf4 exf4 32. Kg2 Rc8 33. Kf3 Rxc3+ 34. Kxf4 Rxc2 35. Kf5 Rxa2 36. Kxf6 Rh2 37. h4 Rxh4 38. Ke7 Rf4 39. Kd7 h5 40. Kc7 a5 41. Kb8 h4 42. Ka8 h3 43. Kb8 h2 44. Ka8 h1=Q+ 45. Kb8 Rb4+ 46. Kc7 Qb7+ 47. Kd8 Rd4+ 48. Ke8 Qd7# 0-1


[Site "https://www.chess.com"]

[Event "Titled Tuesday Blitz August 08 Early 2023"]
[White "Escudero Donoso, Felipe"]
[Black "Toropov, Pavel"]
[WhiteFideId "3410595"]
[BlackFideId "24129178"]
[WhiteElo "2435"]
[BlackElo "2580"]
[Result "1-0"]
[Round "8"]
[TimeControl "180+1"]
[Date "2023.08.08"]
[WhiteClock "0:00:51"]
[BlackClock "0:00:00"]
[Board "94"]

1. d4 d5 2. c4 c6 3. cxd5 cxd5 4. Nc3 Nf6 5. Bf4 a6 6. e3 Nc6 7. Bd3 Bg4 8. f3 Bh5 9. Nge2 Bg6 10. O-O e6 11. Rc1 Rc8 12. Na4 Nd7 13. Bg3 Be7 14. Nf4 Bxd3 15. Nxd3 O-O 16. Nac5 Nxc5 17. Nxc5 Bxc5 18. Rxc5 Qd7 19. Qb3 Ne7 20. Rfc1 Rxc5 21. Rxc5 Rc8 22. Qb6 Rxc5 23. Qxc5 h6 24. e4 Nc6 25. Bf2 f5 26. exf5 exf5 27. h3 Kh7 28. Bg3 g5 29. Be5 Qe6 30. f4 gxf4 31. Bxf4 Kg6 32. Qf8 Qe4 33. Qxh6+ Kf7 34. Qh7+ Ke6 35. Qg6+ Kd7 36. Qd6+ Ke8 37. Qg6+ Kd7 38. Qf7+ Kd8 39. Bc7+ Kc8 40. Bb6 1-0


[Site "https://www.chess.com"]

[Event "Titled Tuesday Blitz August 08 Early 2023"]
[White "Ingebretsen, Jens E"]
[Black "Kukreja Sankalp"]
[WhiteFideId "1522965"]
[BlackFideId "45027676"]
[WhiteElo "2574"]
[BlackElo "2436"]
[Result "0-1"]
[Round "8"]
[TimeControl "180+1"]
[Date "2023.08.08"]
[WhiteClock "0:01:29"]
[BlackClock "0:00:41"]
[Board "95"]

1. e4 c5 2. Ne2 g6 3. g3 Bg7 4. Bg2 Nc6 5. O-O d6 6. c3 Bg4 7. d3 Qd7 8. f4 e5 9. Na3 Nge7 10. Nc4 O-O 11. Ne3 Bh3 12. f5 Bxg2 13. Kxg2 f6 14. c4 Nd4 15. Nxd4 cxd4 16. Nd5 Nxd5 17. cxd5 Rac8 18. Rf2 Qb5 19. h4 Rc7 20. h5 g5 21. h6 Bxh6 22. Qh5 Kg7 23. Bd2 Qe8 24. Qg4 Kg8 25. Rh1 Bg7 26. Kf3 Qb5 27. Ke2 Qxb2 28. Rxh7 Kxh7 29. Qh5+ Kg8 30. Rh2 Rc2 31. Qh7+ Kf7 32. Qg6+ Ke7 33. Qxg7+ Rf7 34. Qg8 Rxd2+ 35. Kf3 Rxh2 0-1


[Site "https://www.chess.com"]

[Event "Titled Tuesday Blitz August 08 Early 2023"]
[White "LangesNasenhaar"]
[Black "Bogaudinov, Rushan"]
[BlackFideId "4129288"]
[WhiteElo "2562"]
[BlackElo "2431"]
[Result "1-0"]
[Round "8"]
[TimeControl "180+1"]
[Date "2023.08.08"]
[WhiteClock "0:00:07"]
[BlackClock "0:00:00"]
[Board "96"]

1. d4 Nf6 2. Nc3 d5 3. Bf4 e6 4. Nb5 Na6 5. e3 c6 6. Nc3 Nb8 7. Nf3 Be7 8. Bd3 Nbd7 9. Ne5 Nxe5 10. Bxe5 b6 11. Qf3 Bb7 12. O-O-O O-O 13. Qh3 g6 14. g4 Nd7 15. Bg3 c5 16. f4 c4 17. Bf1 b5 18. f5 b4 19. Ne2 Qa5 20. Kb1 c3 21. Nc1 cxb2 22. Nb3 Qd8 23. Bd3 a5 24. fxe6 fxe6 25. g5 Rf5 26. Bxf5 exf5 27. Qg2 a4 28. Nc5 Nxc5 29. dxc5 Bxc5 30. Be5 b3 31. cxb3 axb3 32. Bxb2 Rxa2 33. Qg3 Bd6 34. Qh4 Qa8 35. Qd4 Rxb2+ 36. Qxb2 d4 37. Rxd4 Bxh1 38. Qxb3+ Kf8 39. Rxd6 Be4+ 40. Kb2 1-0


[Site "https://www.chess.com"]

[Event "Titled Tuesday Blitz August 08 Early 2023"]
[White "Llanos, Guillermo"]
[Black "Aarav Dengla"]
[WhiteFideId "100358"]
[BlackFideId "45059756"]
[WhiteElo "2424"]
[BlackElo "2561"]
[Result "0-1"]
[Round "8"]
[TimeControl "180+1"]
[Date "2023.08.08"]
[WhiteClock "0:00:05"]
[BlackClock "0:00:08"]
[Board "97"]

1. b3 e5 2. Bb2 Nc6 3. e3 d5 4. Bb5 Bd6 5. f4 Qe7 6. Nf3 Bg4 7. fxe5 Bxf3 8. exd6 Qh4+ 9. g3 Qg4 10. Be2 Bxe2 11. Qxe2 Qxe2+ 12. Kxe2 f6 13. dxc7 Rc8 14. Nc3 Nge7 15. Nb5 Kd7 16. g4 a6 17. Nd4 Rxc7 18. Rac1 Rhc8 19. Nxc6 Rxc6 20. Bc3 Re6 21. Kf2 Ng6 22. h4 Re4 23. Kf3 Ke6 24. h5 Ne5+ 25. Bxe5 fxe5 26. d3 Rf8+ 27. Ke2 Rxg4 28. Rcg1 Rxg1 29. Rxg1 Rf7 30. c4 dxc4 31. bxc4 b5 32. cxb5 axb5 33. Rb1 Rf5 34. Rxb5 Rxh5 35. a4 Rh2+ 36. Kd1 Ra2 37. a5 h5 38. d4 exd4 39. exd4 h4 40. Rh5 h3 41. Rxh3 Rxa5 42. Rg3 g5 43. Kd2 Kf5 44. Rb3 Ke4 45. Rb4 Ra2+ 46. Ke1 Ke3 47. Rb3+ Kxd4 48. Kf1 Ke4 49. Kg1 Kf4 50. Rb1 Kg3 51. Rc1 g4 52. Rb1 Ra3 53. Rc1 Kh3 54. Rb1 Rg3+ 55. Kh1 Re3 56. Rc1 g3 57. Rb1 Rf3 58. Rc1 Rf2 59. Rb1 Rh2+ 60. Kg1 Rf2 61. Kh1 Kg4 62. Kg1 Re2 63. Rc1 Rd2 64. Rb1 Ra2 65. Rc1 Kf3 66. Rd1 Re2 67. Rc1 Re3 68. Rd1 g2 69. Rc1 Kg3 70. Rb1 Kh3 71. Ra1 Rf3 72. Rc1 Kg3 73. Rd1 Re3 74. Rc1 Rd3 75. Rb1 Rc3 76. Rd1 Kf3 77. Re1 Rd3 78. Rc1 Rb3 79. Rb1 Rxb1+ 0-1


[Site "https://www.chess.com"]

[Event "Titled Tuesday Blitz August 08 Early 2023"]
[White "Lacasa Diaz, Jose Antonio"]
[Black "Maus7"]
[WhiteFideId "2203375"]
[WhiteElo "2395"]
[BlackElo "2556"]
[Result "1-0"]
[Round "8"]
[TimeControl "180+1"]
[Date "2023.08.08"]
[WhiteClock "0:01:06"]
[BlackClock "0:00:18"]
[Board "98"]

1. Nf3 d5 2. e3 Nf6 3. b3 Bf5 4. Bb2 e6 5. c4 c6 6. Nc3 Nbd7 7. d4 Bd6 8. Bd3 Bxd3 9. Qxd3 O-O 10. O-O Qc7 11. e4 dxe4 12. Nxe4 Nxe4 13. Qxe4 Rad8 14. Rad1 Be7 15. Ne5 Nxe5 16. dxe5 Qa5 17. a4 Rd2 18. Bc1 Rxd1 19. Rxd1 Rd8 20. Rxd8+ Qxd8 21. Qe2 Bb4 22. Bb2 h6 23. g3 g5 24. Kg2 Kg7 25. Qe3 a6 26. Qd4 Qb6 27. Qxb6 1-0


[Site "https://www.chess.com"]

[Event "Titled Tuesday Blitz August 08 Early 2023"]
[White "Mendez Fortes, Eduardo Jesus"]
[Black "Krzywda, Andrzej"]
[WhiteFideId "3502376"]
[BlackFideId "1114565"]
[WhiteElo "2555"]
[BlackElo "2383"]
[Result "1-0"]
[Round "8"]
[TimeControl "180+1"]
[Date "2023.08.08"]
[WhiteClock "0:00:40"]
[BlackClock "0:00:00"]
[Board "99"]

1. e4 e5 2. Nf3 Nf6 3. d4 Nxe4 4. Bd3 d5 5. Nxe5 Bd6 6. O-O O-O 7. Nc3 Nxc3 8. bxc3 c5 9. Qh5 g6 10. Qf3 c4 11. Be2 Bxe5 12. dxe5 Bf5 13. Rd1 Be4 14. Qg3 Nc6 15. Bg5 Qa5 16. Bf6 Rfe8 17. Qh4 Qa3 18. f3 Bxc2 19. Rxd5 Ne7 20. Rd7 Nf5 21. Qxc4 Re6 22. Qb4 Qxb4 23. cxb4 Rc8 24. Rxb7 Nd4 25. Bf1 a6 26. a4 Nc6 27. f4 Nd4 28. b5 axb5 29. axb5 Be4 30. Rd7 Nb3 31. Rad1 Ree8 32. b6 Nc5 33. Rc7 Nb7 34. Bc4 Rf8 35. Rd4 1-0


[Site "https://www.chess.com"]

[Event "Titled Tuesday Blitz August 08 Early 2023"]
[White "Belov, Alexei"]
[Black "Feliz Dotel, Dewar Bienvenido"]
[WhiteFideId "4128206"]
[BlackFideId "6402801"]
[WhiteElo "2552"]
[BlackElo "2196"]
[Result "1-0"]
[Round "8"]
[TimeControl "180+1"]
[Date "2023.08.08"]
[WhiteClock "0:01:21"]
[BlackClock "0:01:26"]
[Board "100"]

1. e4 e5 2. Nf3 Nc6 3. Bb5 Nf6 4. O-O Nxe4 5. d4 Nd6 6. Bxc6 dxc6 7. dxe5 Nf5 8. Qxd8+ Kxd8 9. Rd1+ Ke8 10. Nc3 Ne7 11. Ne2 Bg4 12. Nfd4 a6 13. f3 Bh5 14. Nf4 Bg6 15. Be3 Nf5 16. Nxg6 Nxe3 17. Nxh8 Nxd1 18. Rxd1 Bc5 19. Kf1 Bxd4 20. Rxd4 f6 21. exf6 gxf6 22. Rh4 Kf8 23. Ng6+ Kg7 24. Nf4 Rd8 25. Ne6+ 1-0


[Site "https://www.chess.com"]

[Event "Titled Tuesday Blitz August 08 Early 2023"]
[White "Molina, Roberto Junio Brito"]
[Black "Fominykh, Maria"]
[WhiteFideId "2109450"]
[BlackFideId "4142411"]
[WhiteElo "2829"]
[BlackElo "2291"]
[Result "1-0"]
[Round "8"]
[TimeControl "180+1"]
[Date "2023.08.08"]
[WhiteClock "0:01:17"]
[BlackClock "0:00:00"]
[Board "101"]

1. e4 e6 2. d4 d5 3. Nd2 c5 4. exd5 exd5 5. Ngf3 Nf6 6. Bb5+ Nc6 7. O-O Be7 8. dxc5 Bxc5 9. Nb3 Be7 10. Nfd4 Bd7 11. Re1 O-O 12. c3 Re8 13. Bf4 Ne4 14. f3 Nf6 15. Qd2 Nxd4 16. Nxd4 Bxb5 17. Nxb5 Qb6+ 18. Nd4 Bc5 19. Be3 a5 20. Bf2 Rxe1+ 21. Rxe1 Re8 22. Rxe8+ Nxe8 23. Nb3 Bxf2+ 24. Qxf2 Qxf2+ 25. Kxf2 b6 26. Ke3 f6 27. Kd4 Nc7 28. c4 dxc4 29. Kxc4 Kf7 30. Nd4 g6 31. Nb5 Ne6 32. Nd6+ Kf8 33. Kb5 Nf4 34. Kxb6 Ke7 35. Ne4 Nxg2 36. Kxa5 Ne1 37. Nd2 Kd6 38. b4 Nd3 39. b5 f5 40. a4 g5 41. Kb6 g4 42. a5 Nb4 43. a6 Nd5+ 44. Kb7 Kc5 45. a7 Nb6 46. fxg4 fxg4 47. Ka6 h5 48. Ne4+ Kd4 49. Kxb6 Kxe4 50. a8=Q+ 1-0


[Site "https://www.chess.com"]

[Event "Titled Tuesday Blitz August 08 Early 2023"]
[White "Kosteniuk, Alexandra"]
[Black "Gontcharov, Vladislav"]
[WhiteFideId "4128125"]
[BlackFideId "4123492"]
[WhiteElo "2747"]
[BlackElo "2525"]
[Result "1-0"]
[Round "8"]
[TimeControl "180+1"]
[Date "2023.08.08"]
[WhiteClock "0:00:55"]
[BlackClock "0:00:06"]
[Board "102"]

1. e4 e6 2. d4 d5 3. exd5 exd5 4. Nf3 Nc6 5. h3 Bd6 6. c4 dxc4 7. Bxc4 Nge7 8. O-O O-O 9. Nc3 Bf5 10. Bg5 Qd7 11. Re1 a6 12. Ne5 Qc8 13. Nd5 Nxd5 14. Bxd5 Nxe5 15. dxe5 Bb4 16. Re3 c6 17. Bb3 Be6 18. Rg3 Kh8 19. Qd4 Bxb3 20. Qxb4 Bc2 21. Rc1 Bg6 22. Rd1 Qf5 23. f4 b5 24. Rc3 Rfc8 25. g4 Qe4 26. Qxe4 Bxe4 27. Rd7 Bd5 28. b3 a5 29. f5 h6 30. Be7 b4 31. Rc1 a4 32. bxa4 Bxa2 33. Bxb4 Rxa4 34. Bc3 Rc4 35. e6 f6 36. e7 Re8 37. Rd8 Rxc3 38. Rxe8+ 1-0


[Site "https://www.chess.com"]

[Event "Titled Tuesday Blitz August 08 Early 2023"]
[White "Sreyas Payyappat"]
[Black "Petrosian, Karlen"]
[WhiteFideId "46674969"]
[BlackFideId "4176146"]
[WhiteElo "2520"]
[BlackElo "2656"]
[Result "0-1"]
[Round "8"]
[TimeControl "180+1"]
[Date "2023.08.08"]
[WhiteClock "0:00:51"]
[BlackClock "0:01:19"]
[Board "103"]

1. e4 e6 2. d4 d5 3. Nc3 Nf6 4. Bg5 dxe4 5. Nxe4 Be7 6. Bxf6 gxf6 7. Nf3 f5 8. Ned2 c5 9. Nc4 Nc6 10. c3 cxd4 11. Nxd4 Nxd4 12. Qxd4 Qxd4 13. cxd4 Bb4+ 14. Nd2 Bd7 15. O-O-O Rc8+ 16. Kb1 Bc6 17. f3 Rg8 18. Nc4 Bd5 19. Ne5 Ke7 20. Rg1 Bd6 21. h3 f6 22. Nd3 Bxf3 23. Re1 Be4 24. Ka1 Rc2 25. Be2 Bg3 26. Kb1 Rxe2 0-1


[Site "https://www.chess.com"]